 Dungeon Crawl Stone Soup version 0.22-a0-570-g58866f5 (webtiles) character file.

14 GamerInspired the Firebug (level 2, 0/19 HPs)
             Began as a Human Fire Elementalist on June 30, 2018.
             Slain by a jackal (2 damage)
             ... on level 1 of the Dungeon.
             The game lasted 00:06:37 (350 turns).

GamerInspired the Firebug (Human Fire Elementalist)  Turns: 350, Time: 00:06:38

Health: 0/19       AC:  2    Str:  8    XL:     2   Next: 55%
Magic:  1/5        EV: 12    Int: 15    God:
Gold:   24         SH:  0    Dex: 13    Spells: 4/5 levels left

rFire    . . .     SeeInvis .   b - +0 hand axe (curse)
rCold    . . .     Gourm    .   (no shield)
rNeg     . . .     Faith    .   a - +0 robe
rPois    .         Spirit   .   (no helmet)
rElec    .         Reflect  .   d - scarf {repulsion}
rCorr    .         Harm     .   (no gloves)
MR       .....                  (no boots)
Stlth    ++........             (no amulet)
HPRegen  0.06/turn              (no ring)
MPRegen  0.09/turn              (no ring)

@: repel missiles
A: no striking features
a: no special abilities


You were on level 1 of the Dungeon.
You were not hungry.

You visited 1 branch of the dungeon, and saw 1 of its levels.

You collected 24 gold pieces.

Inventory:

Hand Weapons
 b - a cursed +0 hand axe (weapon)
Armour
 a - a +0 robe (worn)
 d - a scarf of repulsion (worn)
Scrolls
 g - 2 scrolls of remove curse {unknown}
 h - a scroll of identify {unknown}
Potions
 e - a potion of agility {unknown}
 f - a potion of brilliance {unknown}
Comestibles
 c - 2 rations


   Skills:
 + Level 0.5 Axes
 + Level 2.2 Dodging
 + Level 2.0 Stealth
 + Level 2.0 Spellcasting
 + Level 1.1 Conjurations
 + Level 3.3 Fire Magic


You had 4 spell levels left.
You knew the following spells:

 Your Spells              Type           Power        Failure   Level  Hunger
a - Flame Tongue          Conj/Fire      #....        9%          1    #......

Your spell library contained the following spells:

 Spells                   Type           Power        Failure   Level  Hunger
 Fireball                 Conj/Fire      #.........   94%         5    ######.
 Conjure Flame            Conj/Fire      #.......     26%         3    ###....
 Throw Flame              Conj/Fire      #.....       13%         2    ###....
 Sticky Flame             Conj/Fire      #.......     65%         4    #####..
 Inner Flame              Hex/Fire       #.......     32%         3    ###....


Dungeon Overview and Level Annotations

Branches:
Dungeon (1/15)

Altars:
The Shining One


Message History

The flame tongue hits the jackal.
You kill the jackal!
Casting: Flame Tongue (safe; 9% risk of failure)
Confirm with . or Enter, or press ? or * to list all spells.
Aiming: Flame Tongue (safe; 9% risk of failure)
Press: ? - help, Shift-Dir - straight line, f - hobgoblin, p - jackal
Aim: a hobgoblin, wielding a club The flame tongue misses the jackal.
The flame tongue hits the hobgoblin.
The hobgoblin is severely wounded.
The jackal closely misses you. x2; The jackal bites you.
* * * LOW HITPOINT WARNING * * *
Casting: Flame Tongue (safe; 9% risk of failure)
Confirm with . or Enter, or press ? or * to list all spells.
Aiming: Flame Tongue (safe; 9% risk of failure)
Press: ? - help, Shift-Dir - straight line, f/p - hobgoblin
Aim: a hobgoblin, wielding a club (severely wounded)
The flame tongue hits the jackal.
You kill the jackal!
The jackal bites you.
You die...

####..###........#
.....## ##..######
....##...##..###########
...##..#..##............
..## .#.#.. #...........
### #._.#. ###.........
..## .#.#..##....g......
#..##..#..##.....†......
##..#+ ##.....@h......
###..## ##.......h......
......###...............
#####..#..######'##.....
....#..#...........#####
...........†.......#
......#............#
##....#........)...#
......#............#


You could see 2 jackals and a hobgoblin.

Vanquished Creatures
  2 giant cockroaches (D:1)
  A hobgoblin (D:1)
  2 jackals (D:1)
  A kobold (D:1)
  2 bats (D:1)
  2 frilled lizards (D:1)
  2 goblins (D:1)
  A rat (D:1)
13 creatures vanquished.

Notes
Turn   | Place    | Note
-------+----------+-------------------------------------------
     0 | D:1      | GamerInspired the Human Fire Elementalist began the quest for the Orb.
     0 | D:1      | Reached XP level 1. HP: 13/13 MP: 3/3
   219 | D:1      | Reached XP level 2. HP: 4/19 MP: 1/5
   314 | D:1      | Found a glowing golden altar of the Shining One.
   350 | D:1      | Slain by a jackal

Vault maps used:
D:1:      lightli_arrival_isolated_outpost, minmay_misc_feat_square,
          serial_bayou_lagoon_a, kennysheep_small_spiral, tso_metal_star

Action                   || total
-------------------------++-------
Melee: Hand axe          ||    24
 Cast: Flame Tongue      ||    17
Armor: Robe              ||    10
Dodge: Dodged            ||    27

Table legend:
 A = Spawn XP
 B = Non-spawn XP
 C = Spawn XP percentage of total XP
 D = Spawn monster count
 E = Non-spawn monster count
 F = Spawn count percentage of total count
 G = Total turns spent on level
                    A         B        C        D         E        F      G
               +---------+---------+-------+---------+---------+-------+---------
         Total |       0 |      20 |   0.0 |       0 |      13 |   0.0 |   350
               +---------+---------+-------+---------+---------+-------+---------
           D:1 |       0 |      20 |   0.0 |       0 |      13 |   0.0 |   350
               +---------+---------+-------+---------+---------+-------+---------
